[Event "Titled Tuesday Blitz May 10 Early 2022"]
[White "Vusatiuk, Vladimir"]
[Black "Keller, Peter"]
[WhiteFideId "14118610"]
[BlackFideId "1272105"]
[WhiteElo "2157"]
[BlackElo "2275"]
[Result "1-0"]
[Round "11"]
[TimeControl "180+1"]
[Date "2022.05.11"]
[WhiteClock "0:00:11"]
[BlackClock "0:00:09"]

1. d4 Nf6 2. c4 e6 3. Nc3 Bb4 4. Qc2 d5 5. cxd5 Qxd5 6. e3 c5 7. Nf3 Nc6 8. Bd2 Bxc3 9. bxc3 b6 10. Bb5 Bb7 11. O-O O-O 12. Rfe1 Ne4 13. Bd3 Nxd2 14. Qxd2 cxd4 15. cxd4 Rfd8 16. Rad1 Rac8 17. e4 Qa5 18. Qe3 h6 19. h4 Nb4 20. Bb1 Nc2 21. Qf4 Nxe1 22. Rxe1 Rd7 23. Ne5 Qxe1+ 24. Kh2 Rdc7 25. Bd3 Qc1 26. Qg4 a5 27. h5 Qg5 28. Qf3 f5 29. d5 fxe4 30. Qxe4 Qf5 31. Qe2 Qf4+ 32. g3 Qf6 33. Qe4 Qf5 34. Qe2 Qf6 35. Qe4 Bxd5 36. Qh7+ Kf8 37. Ng6+ Kf7 38. f4 Rc2+ 39. Kh3 Bg2+ 40. Kh2 Bf3+ 41. Kh3 Bg4+ 42. Kxg4 R2c3 43. Nh8+ Ke7 44. Ng6+ Kd6 45. Ne5 b5 46. Qe4 Rxd3 47. Qxd3+ Ke7 48. Qd7+ Kf8 49. Qxc8+ Ke7 50. Qc7+ 1-0


[Site "https://www.chess.com"]

[Event "Titled Tuesday Blitz May 10 Early 2022"]
[White "Wagh Suyog"]
[Black "Juhasz, Agoston"]
[WhiteFideId "25071688"]
[BlackFideId "778346"]
[WhiteElo "2181"]
[BlackElo "2211"]
[Result "1-0"]
[Round "11"]
[TimeControl "180+1"]
[Date "2022.05.10"]
[WhiteClock "0:00:11"]
[BlackClock "0:00:03"]

1. e4 e6 2. d4 d5 3. Nd2 c5 4. exd5 Qxd5 5. Ngf3 cxd4 6. Bc4 Qd7 7. O-O Nc6 8. Nb3 Nf6 9. Nbxd4 Be7 10. c3 O-O 11. Bf4 Nd5 12. Bg3 a6 13. Qe2 Nxd4 14. Nxd4 b5 15. Bd3 Bb7 16. Rad1 Bf6 17. Bb1 Qe7 18. Rfe1 Rfd8 19. Qg4 Kh8 20. Be5 Bxe5 21. Rxe5 Qf6 22. Rde1 Rd6 23. g3 Rad8 24. a3 g6 25. h4 Qg7 26. h5 Nf6 27. Qh4 Nxh5 28. Qe7 R6d7 29. Qh4 Nf6 30. Qg5 Rd5 31. Ba2 Rxe5 32. Qxe5 Nd5 33. Qxg7+ Kxg7 34. Rxe6 fxe6 35. Nxe6+ Kf6 36. Nxd8 Ba8 37. c4 bxc4 38. Bxc4 Ke7 39. Bxa6 Kxd8 40. Kh2 Kc7 41. Kh3 Kd6 42. Kg4 h6 43. Bd3 Ne7 44. a4 Ke5 45. b4 Kf6 46. b5 Nd5 47. a5 Nb4 48. Bc4 Ke5 49. Bf7 Be4 50. b6 Kd6 51. Kf4 Bb7 52. Bxg6 Nc6 53. Be4 Nxa5 54. Bxb7 Nxb7 55. Kf5 Kc6 56. Kg6 Kxb6 57. Kxh6 Kc6 58. g4 Kd6 59. g5 Nd8 60. g6 Ne6 61. f4 Ke7 62. f5 Nd4 63. Kg5 Nf3+ 64. Kf4 Nh4 65. Kg5 Nf3+ 66. Kf4 Nh4 67. Ke5 Nf3+ 68. Ke4 Nh4 69. Kf4 Ng2+ 70. Kg5 Ne3 71. f6+ Kf8 72. Kh6 Ng4+ 73. Kg5 Ne5 74. Kf5 Nd7 75. Ke6 Nxf6 76. Kxf6 Kg8 77. g7 Kh7 78. Kf7 1-0


[Site "https://www.chess.com"]

[Event "Titled Tuesday Blitz May 10 Early 2022"]
[White "Wartiovaara, Oliver"]
[Black "Skytte, Rasmus"]
[WhiteFideId "513024"]
[BlackFideId "1404210"]
[WhiteElo "1971"]
[BlackElo "2430"]
[Result "1-0"]
[Round "11"]
[TimeControl "180+1"]
[Date "2022.05.11"]
[WhiteClock "0:00:08"]
[BlackClock "0:00:01"]

1. e4 c6 2. d4 d5 3. exd5 cxd5 4. Bd3 Nc6 5. c3 Nf6 6. Bf4 Bg4 7. Qb3 Qd7 8. Nd2 e6 9. Ngf3 Bd6 10. Ne5 Qc7 11. Nxg4 Bxf4 12. Nxf6+ gxf6 13. Nf3 h5 14. g3 Bd6 15. O-O h4 16. Nxh4 O-O-O 17. Ng2 Rh3 18. Ne3 Rdh8 19. Nxd5 exd5 20. Bf5+ Kb8 21. Bxh3 Rxh3 22. Qxd5 Rh7 23. Qe4 Rh8 24. Qf3 Qd7 25. Qxf6 Rg8 26. Rfe1 a6 27. Re3 Bc7 28. Rae1 Rg6 29. Qh8+ Ka7 30. Qe8 Qg4 31. Qe4 Qg5 32. Rf3 Qh5 33. Rf5 Qh3 34. Rxf7 Rh6 35. Qg2 Qh5 36. Rxc7 Qg5 37. Rf7 Qd2 38. Rf1 Qxb2 39. f4 Qxc3 40. f5 Qxd4+ 41. Qf2 Qxf2+ 42. Rxf2 Nd4 43. f6 Rg6 44. Re7 Rh6 45. f7 Rh8 46. Re8 1-0


[Site "https://www.chess.com"]

[Event "Titled Tuesday Blitz May 10 Early 2022"]
[White "Xiong, Jeffery"]
[Black "Steinberg, Nitzan"]
[WhiteFideId "2047640"]
[BlackFideId "2801795"]
[WhiteElo "2727"]
[BlackElo "2471"]
[Result "1-0"]
[Round "11"]
[TimeControl "180+1"]
[Date "2022.05.10"]
[WhiteClock "0:00:31"]
[BlackClock "0:00:04"]

1. e4 c5 2. Nf3 d6 3. Nc3 a6 4. d4 cxd4 5. Qxd4 Nc6 6. Qd3 g6 7. Nd5 e6 8. Ne3 Nf6 9. Be2 Be7 10. O-O O-O 11. Rd1 Qc7 12. c4 b6 13. b3 Bb7 14. Bb2 Rfd8 15. Qc3 Rac8 16. Rac1 Ne5 17. Nd2 g5 18. Qc2 Qb8 19. Qb1 Qa8 20. f3 h5 21. Qa1 Qb8 22. b4 Nfd7 23. Nb3 Ng6 24. a4 Nde5 25. a5 bxa5 26. Nxa5 Ba8 27. Bc3 h4 28. Nb3 Nf4 29. Bf1 h3 30. Bxe5 dxe5 31. g3 Qxb4 32. Rxd8+ Rxd8 33. Qc3 Ng6 34. c5 a5 35. Nxa5 Qb8 36. Bxh3 Qa7 37. Bf1 Rc8 38. Nb3 Bc6 39. Ra1 Qc7 40. Nc4 Kg7 41. Ne3 Bd7 42. Qa5 Bxc5 43. Qxc5 Qxc5 44. Nxc5 Rxc5 45. Kf2 Ne7 46. Ra7 Nc6 47. Rxd7 Ra5 48. Rd2 Nd4 49. Nc4 Rc5 50. Nxe5 Nb3 51. Rb2 Nc1 52. Nd3 1-0


[Site "https://www.chess.com"]

[Event "Titled Tuesday Blitz May 10 Early 2022"]
[White "Xu, Yi"]
[Black "FGHSMN"]
[WhiteFideId "8605564"]
[WhiteElo "2471"]
[BlackElo "2770"]
[Result "0-1"]
[Round "11"]
[TimeControl "180+1"]
[Date "2022.05.10"]
[WhiteClock "0:00:43"]
[BlackClock "0:00:26"]

1. e4 c5 2. Nf3 e6 3. d4 cxd4 4. Nxd4 a6 5. c4 Nf6 6. Nc3 Qc7 7. a3 b6 8. Be3 Bb7 9. f3 Be7 10. Rc1 d6 11. Be2 Nbd7 12. O-O O-O 13. b4 Rac8 14. Kh1 Rfe8 15. Qd2 Qb8 16. Rfd1 Bd8 17. Na4 Bc7 18. Rc2 h5 19. Bg1 h4 20. Bf1 h3 21. gxh3 Ne5 22. Bg2 d5 23. exd5 exd5 24. c5 Nc4 25. Qd3 b5 26. Nc3 Bf4 27. Re2 Nxa3 28. Rde1 Nc4 29. c6 Bxc6 30. Nxc6 Rxe2 31. Rxe2 Rxc6 32. Nxd5 Nxd5 33. Qxd5 Rd6 34. Qf5 Rd1 35. Qe4 Qb6 36. Re1 Rxe1 37. Qxe1 Be3 38. f4 Bxg1 39. Qxg1 Qd6 40. Qe1 Qxf4 41. Qe8+ Kh7 42. Qe4+ Qxe4 43. Bxe4+ g6 44. Bb7 Kg7 45. Kg2 Nd6 46. Bxa6 Kf6 47. Kf3 Ke5 48. Kg4 f6 49. h4 Ke4 50. h5 gxh5+ 51. Kxh5 f5 52. h4 f4 53. Kg4 f3 54. Kg3 Ke3 55. h5 f2 0-1


[Site "https://www.chess.com"]

[Event "Titled Tuesday Blitz May 10 Early 2022"]
[White "Yuan, Qingyu"]
[Black "Jobava, Baadur"]
[WhiteFideId "8609772"]
[BlackFideId "13601520"]
[WhiteElo "2359"]
[BlackElo "2617"]
[Result "0-1"]
[Round "11"]
[TimeControl "180+1"]
[Date "2022.05.10"]
[WhiteClock "0:00:02"]
[BlackClock "0:01:03"]

1. e4 c6 2. Nf3 d5 3. Nc3 Bg4 4. h3 Bxf3 5. Qxf3 e6 6. d3 Nd7 7. Bd2 g6 8. g3 h5 9. Bg2 Bh6 10. Bxh6 Nxh6 11. O-O-O Qf6 12. Qe2 d4 13. Nb1 h4 14. Nd2 O-O-O 15. Kb1 hxg3 16. fxg3 Ne5 17. Rdf1 Qe7 18. Rf2 Kb8 19. Rhf1 a6 20. Nf3 Qc7 21. Qd2 Ka7 22. Qf4 f6 23. Qxf6 Nhf7 24. Qxe6 Rhe8 25. Qf6 Nxf3 26. Rxf3 Ne5 27. Rf4 a5 28. h4 a4 29. a3 c5 30. Rd1 Rd6 31. Qg5 Rb6 32. Rf6 Rb5 33. Ka1 Qe7 34. Bh3 c4 35. Re6 Qxg5 36. hxg5 Rxe6 37. Bxe6 cxd3 38. cxd3 Rc5 39. Kb1 b5 40. Rd2 Kb6 41. Bd5 Ka5 42. Be6 b4 43. axb4+ Kxb4 44. Bd5 Rc7 45. Be6 Rh7 46. Ka2 Rh1 47. Rc2 Nxd3 48. Rc4+ Kb5 49. Rxd4 Nb4+ 50. Rxb4+ Kxb4 51. Bf7 Rh2 52. Ka1 Rf2 53. Bxg6 Kb3 0-1